[Event "Fagernes GM Open Autumn 2024"]
[Site "Fagernes"]
[Date "2024.10.10"]
[Round "6.3"]
[White "Kvaloy, Aksel Bu"]
[Black "Ghasi, Ameet K"]
[Result "1/2-1/2"]
[ECO "B13"]
[WhiteElo "2484"]
[BlackElo "2503"]
[Annotator "TA"]
[PlyCount "133"]
[EventDate "2024.10.03"]
[EventType "swiss"]
[EventCountry "NOR"]
[SourceTitle "playchess.com"]
[Source "ChessBase"]
[SourceQuality "1"]
[TimeControl "40/6000:2400+30"]

1. e4 c6 2. d4 d5 3. exd5 cxd5 4. Bd3 Nf6 5. h3 Nc6 6. c3 g6 7. Nf3 Bf5 8. O-O Qc7 9. Ne1 (9. Be3 {simplifies} Bxd3 10. Qxd3 Bg7 11. Nbd2) 9... e6 10. Bg5 Bg7 11. Nd2 a6 12. Bxf5 exf5 13. Nd3 O-O 14. Bf4 Qd8 15. Re1 Ne4 16. f3 Ng5 17. Nb3 Ne6 {[%emt 0:05:31] Against Ndc5} 18. Bh2 b6 19. Qd2 Bf6 20. Nf4 Nc7 21. Re2 Bg5 22. Rae1 Rc8 23. Nc1 Bh4 24. g3 Bg5 25. Ncd3 h5 26. Kh1 Re8 27. Rxe8+ Nxe8 28. h4 Bh6 29. Bg1 Nc7 30. Be3 Qd6 31. Kg2 Bg7 32. Nh3 Qd7 33. Bf4 Ne6 34. Bh6 Bf6 35. Nhf4 {[%emt 0:01:24] Black must now prevent Nxe6.} Re8 36. Nxe6 Rxe6 37. Rxe6 Qxe6 38. Kf2 Be7 39. Bg5 Bd6 40. Bf4 Bf8 41. Bh6 Be7 42. a4 Kh7 43. Bg5 Bf8 (43... Bd6 $14) 44. b4 ({Better is} 44. Nf4 $16 Qd7 45. Qc2) 44... Bd6 45. Bf4 Kg7 (45... Bf8 $14) 46. Qa2 $16 (46. Bxd6 {simplifies} Qxd6 47. Qe2 Qe7 48. Qxe7 Nxe7 49. a5) 46... a5 {[%emt 0:01:55] [#]} 47. b5 (47. Qe2 $1 $18 {[%cal Re2e6] has better winning chances. Qxe6 is the strong threat.} Kf6 48. b5 Qxe2+ 49. Kxe2 Bxf4 50. Nxf4) 47... Ne7 48. Bg5 {[%emt 0:01:40] White is more active.} f6 49. Bc1 ({White should play} 49. Bf4 $16) 49... Kf7 50. Bf4 Ke8 51. Qe2 Qxe2+ 52. Kxe2 Bxf4 53. Nxf4 $14 {[%emt 0:00:09][%mdl 4096] Endgame. KN-KN} Kd7 54. Kd3 Kc7 55. c4 dxc4+ {[%emt 0:00:34] The position is equal.} 56. Kxc4 Kd6 57. Kd3 Kc7 58. Ne6+ Kd7 59. Nf4 Kc7 60. d5 Kd7 61. Kc4 Kc7 62. Ng2 Kd6 63. Ne3 f4 64. gxf4 Nf5 65. Nxf5+ gxf5 66. Kd4 Kd7 67. Kc4 {[%emt 0:00:08] Weighted Error Value: White=0.14 (very precise) /Black=0.14 (very precise) .  Mistake:       	White=3     	Black=2      Inaccurate:     	White=4     	Black=6      OK:         	White=17    	Black=25     Best:        	White=1     	Black=2} 1/2-1/2

[Event "Fagernes GM Open Autumn 2024"]
[Site "Fagernes"]
[Date "2024.10.10"]
[Round "6.4"]
[White "Mitusov, Semen"]
[Black "Das, Sayantan"]
[Result "0-1"]
[ECO "C11"]
[WhiteElo "2486"]
[BlackElo "2471"]
[Annotator "RC"]
[PlyCount "156"]
[EventDate "2024.10.03"]
[EventType "swiss"]
[EventCountry "NOR"]
[SourceTitle "playchess.com"]
[Source "ChessBase"]
[SourceQuality "1"]
[TimeControl "40/6000:2400+30"]

1. e4 e6 2. d4 d5 3. Nc3 Nf6 4. e5 Nfd7 5. Nce2 c5 6. c3 Nc6 7. f4 f6 8. Nf3 Qa5 9. a3 Be7 10. Rb1 c4 11. exf6 Nxf6 12. g3 Qb6 13. b4 cxb3 14. Rxb3 Qc7 15. Rb1 O-O 16. Bh3 Ne4 17. O-O Na5 18. Qd3 Nc4 19. Ne5 Ncd6 20. a4 Nf5 21. c4 b6 22. g4 Nfd6 23. cxd5 exd5 24. Ba3 Nc4 25. Bxe7 Qxe7 26. Nc3 Nxc3 27. Qxc3 Nxe5 28. fxe5 Ba6 29. Rf5 Qh4 30. Qf3 Bc4 31. Rd1 g6 32. Rf6 Kg7 33. Bf1 Rxf6 34. exf6+ Qxf6 35. Qe3 Rf8 36. Bxc4 dxc4 37. d5 c3 38. g5 Qf3 39. Qxf3 Rxf3 40. d6 c2 41. Rc1 Rc3 42. d7 Rd3 43. Rxc2 Rxd7 44. Kf2 Kf7 45. Rc6 Ke8 46. Ke3 Rf7 47. Rd6 Rf1 48. Rd4 Rf5 49. h4 Ke7 50. Kd3 Rc5 51. Rf4 Ke6 52. Rf6+ Ke5 53. Rf7 Ra5 54. Rxh7 Rxa4 55. Rg7 Rxh4 56. Rxg6 Kd5 57. Rf6 Rg4 58. g6 Kc5 59. Rf7 Rg3+ 60. Kc2 a5 61. g7 a4 62. Kb2 b5 63. Rf5+ Kb4 64. Rf4+ Ka5 65. Rf7 a3+ 66. Ka2 Ka4 67. Ra7+ Kb4 68. Rf7 Rg2+ 69. Kb1 Kb3 70. Rf3+ Ka4 71. Rf7 b4 72. Re7 b3 73. Ra7+ Kb4 74. Rb7+ Kc3 75. Rc7+ Kd4 76. Rd7+ Ke5 77. Re7+ Kf6 78. g8=N+ Rxg8 0-1

[Event "Fagernes GM Open Autumn 2024"]
[Site "Fagernes"]
[Date "2024.10.10"]
[Round "6.5"]
[White "Bazakutsa, Svyatoslav"]
[Black "Sasikiran, Krishnan"]
[Result "1-0"]
[ECO "A21"]
[WhiteElo "2483"]
[BlackElo "2571"]
[Annotator "TA"]
[PlyCount "139"]
[EventDate "2024.10.03"]
[EventType "swiss"]
[EventCountry "NOR"]
[SourceTitle "playchess.com"]
[Source "ChessBase"]
[SourceQuality "1"]
[TimeControl "40/6000:2400+30"]

1. c4 e5 2. g3 d6 3. Nc3 Be7 4. Bg2 f5 5. d4 Nf6 6. Nf3 e4 {[%emt 0:02:47] A21: English Opening: 1...e5 2 Nc3.} 7. Ng5 c6 8. d5 Nxd5 9. cxd5 Bxg5 10. Bxg5 Qxg5 11. dxc6 Nxc6 12. Qxd6 Kf7 13. Qc7+ Qe7 14. Qxe7+ Kxe7 15. O-O-O Be6 16. f3 exf3 17. exf3 Rhd8 18. f4 Rac8 19. Rxd8 $146 ({Predecessor:} 19. Bxc6 Rxd1+ 20. Rxd1 Rxc6 21. a3 a5 22. Rd4 Bb3 23. Kd2 Rh6 24. h4 Rc6 25. Ke3 Re6+ 26. Kf2 Rc6 27. Ke3 Re6+ 28. Kf2 Rc6 29. Ke3 {½-½ Krassowizkij,J (2456)-Predojevic,B (2626) AUT-chT 1819 2018 (1.4)}) 19... Rxd8 20. Bxc6 bxc6 21. Kc2 h6 22. h4 Rg8 23. Kd3 Rd8+ 24. Kc2 Rg8 25. b3 Kd6 26. Rd1+ Kc7 27. Re1 Kd6 28. Re5 g5 29. hxg5 hxg5 30. Ra5 gxf4 31. gxf4 Rg7 32. Kd3 Rh7 33. Kd4 Rh4 34. Ne2 Rh3 35. Nc1 Rh7 36. Nd3 Bd5 37. b4 Re7 38. Nc5 Rh7 39. Nd3 Rb7 40. a3 Rh7 41. Ra6 Re7 42. Ne5 Rb7 $1 43. Ke3 Bg2 44. Kd4 Bd5 45. Kd3 Bg2 46. Kc3 Bf1 47. Rxc6+ Kd5 48. Rc5+ Ke4 49. Ng6 Bh3 (49... Rb5 $14) 50. a4 (50. Re5+ $142 Kf3 51. Kd4) 50... Rg7 (50... a6 $142) 51. Rc6 $16 Bg4 52. b5 Bh5 53. Rc4+ Ke3 54. Ne5 Rg1 55. Rb4 (55. Nc6 $18) 55... Be2 {[%emt 0:01:26] [#]} 56. Nc6 ({White should try} 56. a5 $1 $16) 56... Rg7 $1 $11 57. Ne5 Rc7+ 58. Kb2 a5 $2 {[%emt 0:00:41][%mdl 8192] [#]} (58... Bf1 $14) 59. Rb3+ $1 $18 Kxf4 60. Nc6 Bf3 61. b6 ({Don't take} 61. Nxa5 Rc8 62. b6 Rd8 $18) 61... Rb7 (61... Rxc6 $2 {loses.} 62. b7 Bd5 63. b8=Q+ $18 (63. b8=B+ Kg4 $15)) 62. Nxa5 Rb8 63. Kc3 Be4 64. Kc4 Ke5 $2 (64... Kg4 65. Rb4 f4) 65. Kc5 $18 Rc8+ 66. Kb5 Bd5 67. b7 Bxb7 68. Nxb7 f4 69. Nc5 Rb8+ 70. Kc4 1-0

[Event "Fagernes GM Open Autumn 2024"]
[Site "Fagernes"]
[Date "2024.10.10"]
[Round "6.6"]
[White "Urkedal, Frode Olav Olsen"]
[Black "Sidhant, Mohapatra"]
[Result "1/2-1/2"]
[ECO "D32"]
[WhiteElo "2559"]
[BlackElo "2369"]
[Annotator "TA"]
[PlyCount "103"]
[EventDate "2024.10.03"]
[EventType "swiss"]
[EventCountry "NOR"]
[SourceTitle "playchess.com"]
[Source "ChessBase"]
[SourceQuality "1"]
[TimeControl "40/6000:2400+30"]

1. d4 d5 2. c4 e6 3. Nc3 c5 4. cxd5 exd5 5. Nf3 Nc6 6. dxc5 d4 7. Na4 Bxc5 8. Nxc5 Qa5+ 9. Bd2 Qxc5 {[%emt 0:00:00] [#] White is slightly better.} 10. b4 $1 Qf5 11. Rc1 Nge7 12. Rc5 Qd7 13. Qa4 (13. b5 $14 Nd8 14. e4) 13... b6 14. Rc4 (14. Rc1 $11) 14... a6 $1 $15 {[%emt 0:02:32] ...b5 is the strong threat.} 15. Qc2 {[%emt 0:05:26] [#]} (15. Nxd4 $2 {perishes.} b5 16. Nxb5 axb5 17. Qxa8 bxc4 $19) (15. Qb3 $15 {might be stronger.}) 15... Bb7 (15... Qd6 $1 $17 16. Qe4 Bf5) 16. e3 b5 17. Rc5 Rd8 (17... dxe3 $15 18. fxe3 Nd8) 18. Nxd4 (18. a4 $1 $11 bxa4 19. Bc4) 18... Nxd4 $17 19. exd4 Qxd4 (19... O-O $17 {[%cal Oe7c6] White must now prevent ...Nc6!} 20. Bd3 Ng6 (20... Qxd4 21. Bxh7+ Kh8 22. Rh5 $11) 21. Bxg6 hxg6) 20. Be2 $1 $11 ({Of course not} 20. Bc3 Qf4 21. Bd2 Qd6 $17) 20... Nd5 21. O-O {[%emt 0:09:37] The position is equal.} O-O 22. a3 Nf4 23. Bxf4 Qxf4 24. Rd1 g6 25. Bf1 Qg4 26. Re1 Rfe8 27. Rxe8+ Rxe8 28. Qd2 Qe6 29. Rc7 Bd5 30. h4 h5 31. Rc5 Bc4 32. Bxc4 bxc4 {[%emt 0:00:00][%mdl 4096] Endgame. KQR-KQR} 33. Qd4 Rc8 34. Kf1 Rxc5 35. bxc5 {[%emt 0:01:03] KQ-KQ} Kf8 36. a4 Ke8 37. f3 Ke7 38. Kf2 Ke8 39. g4 hxg4 40. fxg4 {[%emt 0:00:00] Threatens to win with Qe3.} c3 41. Qxc3 Qxg4 42. Qe5+ Kd7 43. Qd5+ Ke8 44. Qa8+ Ke7 45. Qb7+ Ke8 46. c6 Qxh4+ 47. Ke3 Qe1+ 48. Kd3 {[%emt 0:02:53] Hoping for Qd7+.} Qd1+ 49. Kc3 Qc1+ 50. Kb4 Qd2+ 51. Kc5 Qe3+ 52. Kb4 {[%emt 0:01:12] Weighted Error Value: White=0.12 (very precise) /Black=0.10 (very precise) .  Mistake:       	White=4     	Black=3      Inaccurate:     	White=1     	Black=3      OK:         	White=22    	Black=21     Best:        	White=2     	Black=3      Strong:       	White=1     	Black=1} 1/2-1/2

[Event "Fagernes GM Open Autumn 2024"]
[Site "Fagernes"]
[Date "2024.10.10"]
[Round "6.7"]
[White "Oksendal, Martin"]
[Black "Blomqvist, Erik"]
[Result "0-1"]
[ECO "C88"]
[WhiteElo "2271"]
[BlackElo "2483"]
[Annotator "TA"]
[PlyCount "76"]
[EventDate "2024.10.03"]
[EventType "swiss"]
[EventCountry "NOR"]
[SourceTitle "playchess.com"]
[Source "ChessBase"]
[SourceQuality "1"]
[TimeControl "40/6000:2400+30"]

1. e4 e5 2. Nf3 Nc6 3. Bb5 a6 4. Ba4 Nf6 5. O-O Be7 6. Re1 b5 7. Bb3 Bb7 8. d4 Nxd4 9. Nxd4 exd4 10. e5 Ne4 11. Qf3 (11. Qxd4 $2 Bc5 $19) 11... O-O {[%emt 0:00:00] Weiss muss nun ...d5 beachten.} 12. Rxe4 c5 $1 {[%emt 0:00:00][%cal Oc5c4] Zielt auf ...c4! ab. Schwarz hat minimalen Vorteil.} 13. c4 f5 $1 14. exf6 $1 Bxf6 {[%emt 0:00:00] und nun wäre ...Kh8 stark für Schwarz.} 15. Nd2 Kh8 16. Qh5 {[%emt 0:04:09] Gegen Bh4 gerichtet.} bxc4 $17 17. Bd1 (17. Bxc4 $17 d5 18. Re1 dxc4 19. Nxc4) 17... c3 18. Bc2 (18. Rf4 $17 cxd2 19. Bxd2) 18... g6 $19 (18... cxd2 19. Bxd2 g6 (19... Bxe4 20. Bxe4 g6 21. Bxg6 $11) 20. Qh3 Bxe4 21. Bxe4 $19) 19. Qh3 cxd2 20. Bxd2 c4 21. Rg4 d3 22. Ba4 Bd5 (22... Bxb2 23. Rb1 Rc8 24. Rxb2 $15) 23. Rxg6 Be6 24. Qh6 Bxb2 (24... Bd4 $19 {[%cal Od8b6] Und ...Qb6! würde nun gewinnen.} 25. Be3 Be5 (25... Bxb2 26. Rb1 $17)) 25. Rb1 $1 $11 Be5 {[%emt 0:00:00] [#]} (25... Qe8 $1 $11 {und Schwarz ist OK.} 26. Rxe6 Qxe6 27. Qxe6 (27. Rxb2 $2 Qxh6 28. Bxh6 Rfb8 $19) 27... dxe6 28. Rxb2 Rab8 29. Bc3+ Kg8) 26. Re1 $4 {[%emt 0:00:32][%mdl 8192] [#]} (26. Rxe6 $1 $18 {war der einzige Gewinnzug.} Rf6 (26... dxe6 $2 27. Rb7 $18) 27. Rxf6 (27. Rxe5 Rxh6 28. Bxh6 Qf6 $14) 27... Qxf6 28. Rb7 (28. Bxd7 c3 $18) (28. Qxf6+ Bxf6 29. Bxd7 Rd8 $18)) 26... Qb6 $1 $19 27. Be3 (27. Rxe5 $2 Qxf2+ 28. Kh1 Qf1#) (27. Rf1 Qd4) 27... Qa5 {[%emt 0:07:43][%cal Ra5e1] Aktives Gegenspiel!} 28. Bd2 c3 $2 $40 {[%emt 0:00:00][%mdl 128] Schwarz hat was vor.} (28... Qxa4 29. Rxe5 Rf7 30. Bc3 Qc2 31. Bd4 (31. Rexe6+ $2 Qxc3 32. h3 dxe6 $19) (31. Rexe6+ $2 Qxc3 32. Qe3 dxe6 $19)) ({Günstiger ist} 28... Qc5 $19 29. Be3 Qe7) 29. Rg5 $2 (29. Rxe5 $1 $15 Qxe5 30. Qe3) 29... Rf5 {[%emt 0:03:25] Schwarz steht klar auf Gewinn.} (29... cxd2 $2 {geht unter.} 30. Rexe5 $18) ({Jedoch nicht} 29... Bf5 $2 30. Bf4 c2 (30... Bxf4 31. Qg7#) (30... Bf6 $2 31. Bb3 $18) 31. Bxe5+ $18) 30. Rxf5 Bxf5 31. Bg5 {[%emt 0:00:00] Beabsichtigt Bf6+ und Matt.} Bg6 $1 ({Lieber nicht} 31... Qxa4 32. Bf6+ Bxf6 33. Qxf6+ Kg8 34. Qxf5 $11) 32. Bb3 d2 33. Rf1 Bg7 34. Qh4 c2 35. Bf6 d1=Q (35... c1=Q $142 36. g3 Qcc5) 36. Bxg7+ Kxg7 37. Qe7+ Kh6 {[%emt 0:00:00][%cal Od1f1] ( -> ...Qxf1+!)} 38. Qe3+ Qg5 {[%emt 0:00:00] Gewichteter Fehlerwert: Weiß=0.95/Schwarz=0.62.  Verlustzug:     	Weiß=1     	Schwarz=1     Gewinn verpasst:   	Weiß=1     	Schwarz=2     Fehler:       	Weiß=3     	---        Ungenau:       	Weiß=1     	Schwarz=1     OK:         	Weiß=6     	Schwarz=7     Bester:       	Weiß=2     	Schwarz=2     Stark:        	Weiß=2     	Schwarz=2} 0-1

[Event "Fagernes GM Open Autumn 2024"]
[Site "Fagernes"]
[Date "2024.10.10"]
[Round "6.8"]
[White "Hillarp Persson, Tiger"]
[Black "Carlsson, Ludvig"]
[Result "1/2-1/2"]
[ECO "D33"]
[WhiteElo "2455"]
[BlackElo "2334"]
[Annotator "TA"]
[PlyCount "96"]
[EventDate "2024.10.03"]
[EventType "swiss"]
[EventCountry "NOR"]
[SourceTitle "playchess.com"]
[Source "ChessBase"]
[SourceQuality "1"]
[TimeControl "40/6000:2400+30"]

1. c4 c5 2. Nf3 Nc6 3. Nc3 e6 4. g3 d5 5. cxd5 exd5 6. d4 Nf6 7. Be3 c4 8. Bg5 Be7 9. Bg2 {[%emt 0:01:32] Die Stellung ist ausgeglichen.} O-O 10. O-O Be6 11. e3 h6 12. Bxf6 Bxf6 13. Nd2 {[%emt 0:11:59] Wehrt b5 ab} Rc8 14. f4 {[%emt 0:16:14][%cal Bf2f4,Bf4f5,Bf5g6][%mdl 32] f5 ist eine echte Drohung.} Qd7 15. Nf3 Be7 16. Qd2 f6 17. Nh4 Bb4 18. f5 Bf7 19. g4 $1 Rfe8 20. Bf3 Re7 21. Rae1 Rce8 22. Ng6 Bxg6 23. fxg6 Re6 24. h4 (24. Bxd5 $2 {zu gefräßig.} Qxd5 25. h3 Qg5 $19) 24... Ne7 25. h5 Qd6 26. Qg2 Rd8 27. Kh1 a6 28. e4 dxe4 29. Nxe4 Qxd4 (29... Qb6 $11 30. Rd1 Nd5) 30. Rd1 $16 Qb6 31. Rxd8+ Qxd8 32. Rd1 (32. a3 $1 $16 Ba5 33. Nc5) 32... Qc7 $11 33. a3 Ba5 34. Ng3 {[%emt 0:01:50][%cal Of3d5] Und Bd5! würde nun gewinnen.} Re3 35. Nf5 $2 (35. Nf1 $1 $11 Rd3 36. Rxd3 cxd3 37. b4) 35... Nxf5 $19 36. gxf5 Kf8 37. Qg4 {[%emt 0:00:00] [#] Lässt Qf4 nicht zu} (37. Bg4 $142) 37... b5 (37... Qc5 $1 $19 {Und jetzt ...Bc7 wäre schön.} 38. a4 Bc7) 38. Kg2 $17 Bb6 {[%emt 0:00:59] Verhindert Qd4.} ({Finger weg von} 38... Qe5 39. Qd4 $15) 39. Qg3 Qxg3+ (39... Ke7 $17 40. Qxc7+ Bxc7) 40. Kxg3 $15 Rd3 41. Rxd3 cxd3 {[%emt 0:40:32][%mdl 4096] Endspiel. KB-KB} 42. Kf4 {[%emt 0:00:11] [#]} b4 43. Ke4 ({Besser ist} 43. axb4 $11 Ke7 44. Ke4) 43... bxa3 {[%emt 0:00:00] Schwarz steht etwas besser.} 44. bxa3 d2 45. Kd5 a5 46. a4 Bg1 47. Bd1 Bf2 48. Ke6 Bg1 {[%emt 0:00:00] Gewichteter Fehlerwert: Weiß=0.23 (präzise) /Schwarz=0.19 (sehr präzise) .  Verlustzug:     	Weiß=1     	---        Gewinn verpasst:   	---       	Schwarz=1     Fehler:       	Weiß=3     	Schwarz=4     Ungenau:       	Weiß=3     	Schwarz=2     OK:         	Weiß=13    	Schwarz=9     Bester:       	Weiß=2     	Schwarz=6     Stark:        	Weiß=1     	---} ({Günstiger ist} 48... Bc5 $15) 1/2-1/2

[Event "Fagernes GM Open Autumn 2024"]
[Site "Fagernes"]
[Date "2024.10.10"]
[Round "6.9"]
[White "Bhagat Kush"]
[Black "Aizenberg, Benny"]
[Result "0-1"]
[ECO "B40"]
[WhiteElo "2245"]
[BlackElo "2423"]
[Annotator "TA"]
[PlyCount "114"]
[EventDate "2024.10.03"]
[EventType "swiss"]
[EventCountry "NOR"]
[SourceTitle "playchess.com"]
[Source "ChessBase"]
[SourceQuality "1"]
[TimeControl "40/6000:2400+30"]

1. e4 c5 2. Nf3 e6 3. b3 a6 4. c4 Nc6 5. Bb2 Qc7 6. g3 Nf6 7. e5 Ng4 8. Bg2 {[%emt 0:00:00] The position is equal.} Be7 9. O-O O-O 10. Re1 b5 (10... Rd8 $11) 11. cxb5 axb5 12. d4 {[%emt 0:02:19] aiming for d5.} Bb7 13. Nc3 (13. h3 $142 Nh6 14. d5 exd5 15. Nc3) 13... b4 (13... cxd4 $11 14. Nxb5 Qb6 15. Nfxd4 Nxf2 (15... Ncxe5 16. Bxb7 Qxb7 17. h3 $16) (15... Ngxe5 16. Nxc6 Nxc6 17. Nd6 $16) 16. Kxf2 Bc5 (16... Nxd4 $2 17. Nxd4 f6 18. Kg1 $18)) 14. Nb5 (14. Na4 $1 $14) 14... Qb6 $11 15. Nd6 Bxd6 16. exd6 cxd4 17. h3 Nf6 18. Nxd4 Nd8 19. Nc2 Bxg2 20. Kxg2 (20. Bxf6 $15 Bxh3 21. Be7) 20... Nd5 $17 21. Ne3 Nxe3+ 22. Rxe3 f6 23. Qd2 Nc6 24. Re4 Ra5 25. Qc2 Qc5 26. Qxc5 Rxc5 27. a3 Rc2 28. Rb1 bxa3 29. Bxa3 Kf7 30. b4 Ra8 31. Re3 (31. Rc1 $17 Rxc1 32. Bxc1) 31... Ne5 {[%emt 0:00:00] Threatens to win with ...Nc4.} 32. Rc1 {[%emt 0:00:00] [#]} Rxc1 33. Bxc1 $19 {[%emt 0:00:00][%mdl 4096] Endgame. KRB-KRN} Rb8 34. Rb3 Rb5 (34... Nc6 $142 35. Bd2 (35. b5 $2 Nd4 $19) 35... e5 (35... Rb5 $2 36. Ra3 $19)) 35. Be3 $17 Nc6 36. Bc5 e5 37. f4 Ke6 38. fxe5 fxe5 39. Rb2 (39. g4 $17 {might work better.}) 39... Nd8 $19 40. Rf2 Nb7 41. Rf8 Nxc5 ({Weaker is} 41... Nxd6 42. Bxd6 Kxd6 43. Rf7 $17) 42. bxc5 Rxc5 {[%emt 0:00:04][%cal Og7g6] KR-KR} 43. Rg8 (43. h4 $142) 43... g6 ({Less strong is} 43... Kxd6 44. Rxg7 Rc2+ 45. Kf3 $15) 44. Rg7 Kxd6 45. Rxh7 e4 46. Kf2 $2 (46. g4 g5 47. h4) 46... Rc3 {[%emt 0:00:05] ...Rf3+ is the strong threat.} 47. Rg7 Rf3+ 48. Kg2 Rf6 {[%emt 0:00:06] Strongly threatening ...e3.} 49. g4 e3 50. Rg8 Ke5 51. g5 Rf2+ 52. Kg3 Rf5 {[%emt 0:00:03] ( -> ...Ke4)} 53. Kg4 Ke4 {[%emt 0:00:15] Black mates.} 54. Re8+ Re5 55. Rxe5+ Kxe5 56. Kf3 Kf5 57. h4 {[%emt 0:00:05] [#]} e2 $1 {[%emt 0:00:05][%mdl 512] Weighted Error Value: White=0.82/Black=0.11 (very precise) .  Mistake:       	White=7     	Black=3      Inaccurate:     	White=5     	---        OK:         	White=8     	Black=14     Best:        	White=1     	Black=10} 0-1

[Event "Fagernes GM Open Autumn 2024"]
[Site "Fagernes"]
[Date "2024.10.10"]
[Round "6.10"]
[White "Hansen, Torbjorn Ringdal"]
[Black "Fiskaaen, Martin Holten"]
[Result "0-1"]
[ECO "B93"]
[WhiteElo "2415"]
[BlackElo "2259"]
[Annotator "TA"]
[PlyCount "114"]
[EventDate "2024.10.03"]
[EventType "swiss"]
[EventCountry "NOR"]
[SourceTitle "playchess.com"]
[Source "ChessBase"]
[SourceQuality "1"]
[TimeControl "40/6000:2400+30"]

1. e4 c5 2. Nf3 d6 3. d4 cxd4 4. Nxd4 Nf6 5. Nc3 a6 6. f4 e5 7. Nb3 Nbd7 {[%emt 0:00:00] B93: Sicilian Najdorf: 6 f4.} 8. g4 h6 9. g5 hxg5 10. fxg5 Nh5 11. Qf3 Nf4 12. h4 Be7 $146 ({Predecessor:} 12... f6 13. Bxf4 exf4 14. g6 Ne5 15. Qxf4 Nxg6 16. Qg3 Ne5 17. O-O-O Bg4 18. Be2 Bxe2 19. Nxe2 {1-0 Fedoseev,V (2678)-Iljiushenok,I (2516) Cheliabinsk Panchenko Memorial op-A 2020 (4)}) 13. Bc4 Nb6 14. Na5 Nxc4 15. Nxc4 Be6 16. Bxf4 Bxc4 17. Be3 Rc8 18. O-O-O Qa5 19. Qf2 (19. Kb1 {is more complex.} b5 20. g6 Rf8 21. Rd5) 19... Be6 20. Rd3 (20. Bb6 $14 Qb4 21. a3) 20... Qc7 (20... Rxc3 $11 21. Rxc3 Qxa2) 21. Kb1 $14 b5 22. h5 (22. Qg2 $16) 22... Qb7 (22... g6 $1 $14) 23. Nd5 Rc4 (23... Bxd5 $16 {is a better defense.} 24. Rxd5 Qc6) 24. Qf3 (24. Qg2 $18) 24... Bxd5 $16 25. Rxd5 (25. exd5 $2 e4 26. Qg2 exd3 $19) 25... Qc8 {[%emt 0:00:00] [#]} 26. Rf1 (26. Rh2 $1 $18) 26... Qe6 $16 27. Bc1 g6 28. h6 O-O 29. Qg2 Kh7 30. Rd3 Rc7 31. Rdf3 Bd8 32. b3 a5 33. Be3 Rb7 34. Qe2 ({Better is} 34. Qd2 $14) 34... Be7 (34... d5 $11) 35. Qd3 $16 Bd8 36. Qc3 b4 37. Qd3 Rd7 38. Qb5 Kh8 39. Bc1 Kh7 40. Qe2 (40. Rd3 $16) 40... Kh8 (40... d5 $11) 41. Rd1 (41. Qa6 {feels hotter.} Kg8 42. Be3 Qg4 43. Qc6) 41... Be7 42. Rfd3 (42. Qb5 $16) 42... Ra8 43. Rd5 Rc7 44. Be3 Rac8 45. R1d2 (45. Rxa5 Rxc2 46. Qf3 (46. Qxc2 $2 Rxc2 47. Kxc2 Qc8+ 48. Kb1 Qg4 $19) 46... R2c3 $17) ({White should try} 45. Rc1 $14) 45... Qh3 $11 46. Qf2 (46. Rxa5 $2 Rc3 47. Rd3 Qh1+ 48. Kb2 (48. Rd1 $2 Qxe4 49. Rd3 Bxg5 $19) 48... Qxe4 $19 (48... Rxc2+ $2 49. Qxc2 Rxc2+ 50. Kxc2 $19)) 46... Qh1+ 47. Kb2 Qxe4 48. Rxd6 Rc3 $2 (48... Bxd6 49. Qf6+ Kh7 50. Qg7#) (48... f5 $15 49. Re6 (49. Rxg6 $2 f4 $19) 49... Kh7) 49. Bb6 $4 (49. Rd8+ $18 Rxd8 50. Qxf7) 49... Qf5 $2 (49... Bxg5 $2 50. Bd8 Bf4 (50... Bxd2 51. Qf6+ Kh7 52. Qg7#) (50... Bxh6 51. Qh2 $19) 51. Bxa5 $19) (49... Bxd6 50. Qf6+ Kh7 51. Qg7#) (49... Rf3 $19 50. Qh2 Bxd6 (50... Bxg5 $2 51. Qe2 $19)) 50. Rd7 {[%emt 0:00:30] [#]} (50. Qxf5 $142 gxf5 51. Rd7 Bxg5 52. Rh2) 50... Rxc2+ $1 $17 (50... Qxg5 $2 51. Qxf7 (51. Bxa5 e4 $18) 51... Qf6 52. Qxe7 $18) 51. Rxc2 Rxc2+ (51... Qxd7 52. Qxf7 Rxc2+ 53. Kxc2 Qc8+ (53... Qc6+ $2 54. Kd1 $18) 54. Kb1 $16) 52. Qxc2 Qxd7 53. Qf2 $2 (53. Be3 $17 {is more resistant.}) 53... Bxg5 $19 54. Bxa5 Qb5 ({Weaker is} 54... Bxh6 55. Bxb4 Qd1 56. a4 $17) 55. Bc7 (55. Qxf7 $2 {is a self mate.} Qe2+ (55... Qxa5 56. Qg7#) 56. Ka1 Qe1+ 57. Kb2 Qc1#) 55... Bxh6 56. Qh2 (56. a3 $142 bxa3+ 57. Ka2) 56... Kh7 $19 57. Bxe5 Qxe5+ 0-1